 Dungeon Crawl Stone Soup version 0.26-a0-1161-g0398aca569 (webtiles) character file.

Game seed: 14329745855894239108

213 Morbidden the Conjurer (level 5, -2/40 HPs)
             Began as a Draconian Conjurer on Dec 26, 2020.
             Was an Initiate of Vehumet.
             Slain by Pikel
             ... wielding a +2 whip of flaming
              (10 damage)
             ... on level 4 of the Dungeon.
             The game lasted 00:04:55 (4106 turns).

Morbidden the Conjurer (Draconian Conjurer)         Turns: 4106, Time: 00:04:57

Health: -2/40      AC:  5    Str:  9    XL:     5   Next: 59%
Magic:  5/10       EV: 12    Int: 19    God:    Vehumet [......]
Gold:   236        SH:  0    Dex: 10    Spells: 7/10 levels left

rFire    . . .     SeeInvis .   n - +1 great sword
rCold    . . .     Faith    .   (shield currently unavailable)
rNeg     . . .     Spirit   .   (armour unavailable)
rPois    .         Reflect  .   (helmet restricted)
rElec    .         Harm     .   (no cloak)
rCorr    .         Rampage  .   (no gloves)
Will     .....                  (no boots)
Stlth    ++........             (no amulet)
HPRegen  0.13/turn              (no ring)
MPRegen  0.12/turn              (no ring)

@: no status effects
A: unfitting armour, cold-blooded, AC +5
a: Renounce Religion


You were on level 4 of the Dungeon.
You worshipped Vehumet.
Vehumet was noncommittal.
You visited 1 branch of the dungeon, and saw 4 of its levels.

You collected 236 gold pieces.

Inventory:

Hand Weapons
 n - a +1 great sword (weapon)
Missiles
 i - 8 poisoned darts (quivered)
Magical Staves
 u - an uncursed staff of earth
Jewellery
 o - an uncursed ring of ice
Wands
 s - a wand of paralysis (9)
Scrolls
 b - 3 scrolls of identify
 f - 2 scrolls of remove curse {unknown}
 q - a scroll of enchant armour
 r - a scroll of teleportation
Potions
 a - a potion of degeneration {unknown}
 c - 4 potions of curing {unknown}
 d - a potion of attraction {unknown}
 e - a potion of haste {unknown}
 h - 2 potions of lignification {unknown}
 j - 2 potions of brilliance {unknown}
 k - a potion of invisibility {unknown}
 m - a potion of flight {unknown}
 p - a potion of resistance {unknown}
 t - a potion of ambrosia {unknown}


   Skills:
 * Level 1.5 Fighting
 + Level 2.3 Dodging
 + Level 2.0 Stealth
 + Level 0.6 Unarmed Combat
 * Level 3.4 Spellcasting
 * Level 5.4 Conjurations


You had 7 spell levels left.
You knew the following spells:

 Your Spells              Type           Power        Failure   Level
a - Magic Dart            Conj           92%          1%          1
b - Searing Ray           Conj           46%          2%          2

Your spell library contained the following spells:

 Spells                   Type           Power        Failure   Level
 Dazzling Flash           Conj/Hex       26%          14%         3
 Fulminant Prism          Conj/Hex       6%           43%         4
 Iskenderun's Mystic Bla  Conj/Tloc      13%          43%         4


Dungeon Overview and Level Annotations

Branches:
Dungeon (4/15)
 Temple: D:4-7

Altars:
Kikubaaqudgha
Sif Muna
Vehumet

Shops:
D:4 ?

Annotations:
D:3 1 runed translucent door, anything's ghost, amateur HaBr
D:4 Pikel


Innate Abilities, Weirdness & Mutations

Your plain brown scales are hard. (AC +5)
You cannot fit into any form of body armour.
You are cold-blooded and may be slowed by cold attacks.


Message History

The searing ray misses Pikel. (Press . to maintain the ray.)
The searing ray misses Pikel.
The searing ray misses the lemure.
Unknown command.
The searing ray hits Pikel.
Pikel is lightly wounded.
The searing ray hits the lemure!
You kill the lemure!
That felt strangely unrewarding.
Pikel hits you with a +2 whip of flaming!
* * * LOW HITPOINT WARNING * * *
Pikel burns you.
* * * LOW HITPOINT WARNING * * *
The searing ray hits Pikel.
Pikel is lightly wounded.
The searing ray hits the lemure!
The lemure is moderately wounded.
You finish channeling your searing ray.
Pikel hits you with a +2 whip of flaming!
You die...

***,*,* #K* * *,#,* #.* *
*,#.###.**## #
*,*.....,,.# #
*,,,,...*#.# #
******#5##.# # **,#.#.##
# ##,*##5#5########### #
#.#* ##.#5K@.......# #
*#.###...#########.# ###
*#.#....## *,* ..#
*#......# *,*
#.#######.#.)..# *,*
..........##.#.# *,*
#.############.#*******,*
..# *.#*,,,,,,,* ###
*.#*,*******


You could see Pikel and 2 lemures.

Vanquished Creatures
  A lemure (D:4)
  An orc priest (D:3)
  Jessica (D:3)
  A worker ant (D:3)
  A gnoll (D:1)
  4 adders
  An ooze (D:3)
  3 worms (D:3)
  A dart slug (D:3)
  4 leopard geckos
  8 orcs
  2 ball pythons
  A giant cockroach (D:3)
  10 hobgoblins
  3 jackals (D:1)
  2 bats
  2 frilled lizards (D:2)
  9 goblins
  6 kobolds
  7 rats
68 creatures vanquished.

Notes
Turn   | Place    | Note
-------+----------+-------------------------------------------
     0 | D:1      | Morbidden the Draconian Conjurer began the quest for the
                  | Orb.
     0 | D:1      | Reached XP level 1. HP: 14/14 MP: 3/3
   450 | D:1      | Reached XP level 2. HP: 20/20 MP: 0/5
  1170 | D:1      | Learned a level 2 spell: Searing Ray
  1302 | D:2      | Reached XP level 3. HP: 27/27 MP: 2/6
  1859 | D:2      | Reached skill level 1 in Fighting
  2249 | D:3      | Noticed Jessica
  2259 | D:3      | Killed Jessica
  2260 | D:3      | Reached XP level 4. HP: 32/35 MP: 0/7
  2649 | D:3      | Found a runed translucent door.
  2650 | D:3      | Noticed anything's ghost (amateur HaBr)
  2658 | D:3      | Reached skill level 5 in Conjurations
  2881 | D:3      | Found a radiant altar of Vehumet.
  2889 | D:3      | Identified Vehumet's Grimoire of Battle Magic
  2892 | D:3      | Became a worshipper of Vehumet
  2904 | D:3      | Reached XP level 5. HP: 40/40 MP: 5/9
  2960 | D:3      | Found an ancient bone altar of Kikubaaqudgha.
  2961 | D:3      | Found a shimmering blue altar of Sif Muna.
  4042 | D:4      | Found Tetun's Magic Scroll Emporium.
  4087 | D:4      | Noticed a lemure
  4089 | D:4      | Noticed Pikel
  4089 | D:4      | Noticed a lemure
  4089 | D:4      | Noticed a lemure
  4105 | D:4      | Killed a lemure
  4106 | D:4      | Slain by Pikel

Illustrated notes

Levels and vault maps discovered:
D:1:      mrwooster_arrival_arrow, layout_loops_ring
D:2:      layout_loops_corners
D:3:      layout_loops_cross, grunt_temple_overflow_magic_moments,
          gammafunk_ghost_grave, minmay_randomly_rotated_circles, uniq_jessica
D:4:      layout_loops_ring, general_overflow_altar, gup_sewer_entry_spiral,
          serial_shops, nicolae_shop_trees, shop, uniq_sigmund, uniq_pikel

Skill      XL: |  1  2  3  4  5 |
---------------+----------------+-----
Dodging        | 2 |  2.3
Fighting       | 1 |  1.5
Conjurations   | 5 |  5.4
Spellcasting   | 3 |  3.4
Stealth        | 2 |  2.0
Unarmed Combat | |  0.6

Action                   |  1- 3 |  4- 6 || total
-------------------------+-------+-------++-------
Melee: Unarmed           |    43 |    16 ||    59
       Tailslap          |     2 |     2 ||     4
       Great sword       |       |     5 ||     5
Throw: Dart              |     1 |       ||     1
 Cast: Magic Dart        |    58 |    74 ||   132
       Searing Ray       |       |     5 ||     5
  Use: Scroll            |       |     4 ||     4
Armor: Skin              |    15 |     7 ||    22
Dodge: Dodged            |    44 |    28 ||    72
       Rpst.: Great sword |       |     1 ||     1

Table legend: (Time is in decaauts)
 A = Elapsed time spent in this place.
 B = Non-inter-level travel time spent in this place.
 C = Inter-level travel time spent in this place.
 D = Time resting spent in this place.
 E = Time spent auto-exploring this place.
 F = Levels seen in this place.
 G = Mean time per level.
                   A        B        C        D        E       F      G
               +--------+--------+--------+--------+--------+-----+--------+
         Total |   4108 |   3975 |    133 |    383 |   3060 |   4 | 1027.0 |
       Dungeon |   4108 |   3975 |    133 |    383 |   3060 |   4 | 1027.0 |
               +--------+--------+--------+--------+--------+-----+--------+

Top non-repeatable levels by time:
     D:3: 1466 daAuts
     D:1: 1279 daAuts
     D:2: 1199 daAuts
     D:4: 162 daAuts
